 Dungeon Crawl Stone Soup version 0.21.1-1-g345015fe64 (webtiles) character file.

56 NullDivider the Sneak (level 3, 0/25 HPs)
             Began as an Octopode Assassin on Apr 30, 2018.
             Succumbed to Sigmund's poison
             ... on level 3 of the Dungeon.
             The game lasted 00:05:37 (1739 turns).

NullDivider the Sneak (Octopode Assassin)           Turns: 1739, Time: 00:05:38

Health: 0/25       AC:  1    Str: 15    XL:     3   Next: 95%
Magic:  3/3        EV: 13    Int: 13    God:
Gold:   118        SH:  0    Dex: 14    Spells: 2/2 levels left

rFire    . . .     SeeInvis .   b - +0 blowgun
rCold    . . .     Gourm    .   (no shield)
rNeg     . . .     Faith    .   (helmet restricted)
rPois    .         Spirit   .   (no amulet)
rElec    .         Reflect  .   (no ring)
rCorr    .         Harm     .   (no ring)
MR       .....                  (no ring)
Stlth    ++++......             (no ring)
HPRegen  0.08/turn              (no ring)
MPRegen  0.08/turn              (no ring)
                                (no ring)
                                (no ring)

@: mighty, lethally poisoned (0 -> -10)
A: almost no armour, stealthy swim, amphibious, 8 rings, constrict 8, camouflage
1, gelatinous body 1
a: no special abilities


You were on level 3 of the Dungeon.
You were not hungry.

You visited 1 branch of the dungeon, and saw 3 of its levels.

You collected 118 gold pieces.

Inventory:

Hand Weapons
 a - a +2 dagger
 b - a +0 blowgun (weapon)
Missiles
 c - 39 poisoned needles (quivered)
Scrolls
 i - a scroll of teleportation
 m - a scroll of fog {unknown}
Potions
 g - a potion of brilliance {unknown}
Comestibles
 f - 5 rations


   Skills:
 * Level 2.5 Fighting
 * Level 2.7 Short Blades
 + Level 2.3 Throwing
 * Level 2.0 Dodging
 + Level 5.6 Stealth


You had 2 spell levels left.
You didn't know any spells.

Dungeon Overview and Level Annotations

Branches:
Dungeon (3/15)

Altars:
Okawaru

Annotations:
D:3 Sigmund


Innate Abilities, Weirdness & Mutations

You cannot wear most types of armour.
You are very stealthy in the water. (Stealth+)
You are amphibious.
You can wear up to eight rings at the same time.
You can use your tentacles to constrict eight enemies at once.
Your skin changes colour to match your surroundings (Stealth+).
Your rubbery body absorbs attacks. (AC +1, EV +1)


Message History

Press: ? - help, Shift-Dir - straight line, f/p - kobold
Aim: a kobold You shoot a poisoned needle.
The poisoned needle hits the kobold.
The kobold is poisoned.
Firing (i - inventory):
c - 40 poisoned needles (quivered)
Press: ? - help, Shift-Dir - straight line, f/p - kobold
Aim: a kobold (moderately wounded, poisoned)
You shoot a poisoned needle. The poisoned needle hits the kobold.
The kobold looks even sicker.
The kobold is moderately wounded.
Something hits you!!
Ouch! That really hurt!
* * * LOW HITPOINT WARNING * * *
You are lethally poisoned!
* * * LOW HITPOINT WARNING * * *
You feel sick.
You see here a stone.
It was a potion of might.
You feel very mighty all of a sudden.
You die...

## #####.... ########### #.
#.....# #.........#
##...##.############.........#
..(..((((K.).@...........<...#
##...#..####.#######.........#
#.....## #)†# ####......#
#...## ##.# ######## #... .#
#.. [# #.. .. ## ##


You could see a kobold.

Vanquished Creatures
  An adder (D:2)
  3 dart slugs (D:1)
  A leopard gecko (D:1)
  4 orcs (D:3)
  4 bats
  A giant cockroach (D:2)
  2 goblins (D:1)
  5 hobgoblins
  A quokka (D:3)
  3 frilled lizards (D:1)
  7 kobolds
  5 rats
37 creatures vanquished.

Notes
Turn   | Place    | Note
-------+----------+-------------------------------------------
     0 | D:1      | NullDivider the Octopode Assassin began the quest for the Orb.
     0 | D:1      | Reached XP level 1. HP: 14/14 MP: 1/1
   106 | D:1      | Reached XP level 2. HP: 19/19 MP: 2/2
   631 | D:1      | Reached XP level 3. HP: 21/25 MP: 3/3
  1361 | D:2      | Found an iron altar of Okawaru.
  1717 | D:3      | Noticed Sigmund
  1738 | D:3      | HP: 1/25 [poisoned by Sigmund]
  1739 | D:3      | Succumbed to Sigmund's poison

Skill      XL: |  1  2  3 |
---------------+----------+-----
Dodging        | 2 |  2.0
Fighting       | |  2.5
Short Blades   | |  2.7
Throwing       | |  2.3
Stealth        | |  5.6

Action                   || total
-------------------------++-------
Melee: Dagger            ||    66
       Constrict         ||    15
       Tentacles         ||    13
 Fire: Blowgun           ||     8
  Use: Scroll            ||     5
       Potion            ||     1
 Stab: Sleeping          ||    16
  Eat: Chunk             ||     2
Armor: Skin              ||     8
Dodge: Dodged            ||    27
